[Event "Early-Titled-Tuesday-Blitz-January-16-2024"]
[Site "Chess.com"]
[Date "2024.01.16"]
[Round "7"]
[White "inneremptiness"]
[Black "Sanan_Sjugirov"]
[Result "0-1"]
[WhiteElo "2884"]
[BlackElo "2973"]
[TimeControl "180+1"]
[EndTime "9:24:22 PST"]
[Termination "Sanan_Sjugirov won by resignation"]

1. e4 c5 2. Nf3 Nc6 3. d4 cxd4 4. Nxd4 e6 5. Nc3 a6 6. Nxc6 bxc6 7. Bd3 d5 8. O-O Nf6 9. e5 Nd7 10. Re1 Be7 11.
b3 Bb7 12. Na4 c5 13. c4 d4 14. f4 g6 15. Qe2 h5 16. Bd2 Qc7 17. Nb2 h4 18. h3 a5 19. Nd1 Bc6 20. Nf2 Qb7 21. Ne4 Kf8 22. Qg4 Rh5 23. Ng5 Bxg5 24. fxg5 Kg7 25.
Rab1 Rh7 26. Re2 Kg8 27. Rf1 a4 28. b4 cxb4 29. Qxd4 b3 30. axb3 axb3 31. Bc3 Rh5 32. Qf4 Nc5 33. Bb1 Qe7 34. Bb4 Rb8 35. Ba3 Qa7 36.
Kh2 Rh7 37. Bb2 Na4 38. Bd4 Qe7 39. Ref2 Rb7 40. Qf6 Qxf6 41. exf6 Rh8 42. Rf4 Rd7 43. Re1 Rh5 44. Bxg6 Rxg5 45. Be4 Rxd4 46. Bxc6 Rxf4 47. Bxa4 Rxc4 48. Bxb3 Rf4 49. Bd1 Rxf6 50. Bf3 Rf4 51. Rb1 Kg7 52. Rb7 e5 53. Re7 Kf6 54. Re8 Kf5 55.
Re7 f6 56. Bb7 Kg6 57. Bc6 Rg3 58. Be8+ Kh6 59. Bc6 Rc4 60. Bd5 Rd4 61. Bc6 Rd6 62. Be4 Kg5 63. Rh7 Re3 64. Bb7 e4 65. Rg7+ Kf5 66.
Bc8+ Ke5 67. Rg4 f5 68. Rxh4 Rc3 69. Rh8 Rdc6 70. Re8+ Kd4 71. Bxf5 e3 72. Re4+ Kd5 73. Re8 Rf6 74. Be4+ Kd4 75. Bf3 Kd3 76. Kg3 Kd2 77.
Rd8+ Rd3 78. Ra8 Rxf3+ 79. gxf3 e2 80. Ra2+ Ke3 81. Ra1 Rd1 82. Rxd1 exd1=Q 83. h4 Qg1+ 0-1

[Event "Early-Titled-Tuesday-Blitz-January-16-2024"]
[Site "Chess.com"]
[Date "2024.01.16"]
[Round "7"]
[White "Ellaijio_B"]
[Black "jefferyx"]
[Result "0-1"]
[WhiteElo "2800"]
[BlackElo "3024"]
[TimeControl "180+1"]
[EndTime "9:24:25 PST"]
[Termination "jefferyx won on time"]

1. e4 c5 2. Nf3 d6 3. d4 cxd4 4. Nxd4 Nf6 5. Nc3 a6 6. f4 Qc7 7. Be3 e5 8. Nf3 Be7 9. Qe2 b5 10. O-O-O Bb7 11. Kb1 Nbd7 12. g4 Nxe4 13. Nxe4 Bxe4 14.
Bg2 Rc8 15. Rd2 O-O 16. g5 Rfe8 17. Nh4 Qb7 18. f5 Bxg2 19. Nxg2 Qe4 20. Rf1 d5 21. f6 Bf8 22. fxg7 Bxg7 23. Qf2 Rf8 24. Re1 Qg4 25.
Rxd5 Nb8 26. Nh4 Rfd8 27. Nf5 Rxd5 28. Ne7+ Kh8 29. Nxd5 Qe6 30. Nf6 Nd7 31. Rf1 Bxf6 32. gxf6 Rg8 33. Bh6 Rg6 34. Bg7+ Kg8 35. h4 e4 36. h5 e3 37. Qe2 Rg3 38. a4 Qc4 39. Re1 Qxe2 40. Rxe2 Nb6 41. axb5 axb5 42. Bh6 Nd5 43.
c3 Nxf6 44. Bxe3 Nxh5 45. Bd4 f6 46. Re7 Rg7 47. Re8+ Kf7 48. Rb8 Rg5 49. Rb6 Rf5 50. Kc2 Nf4 51. Kd2 h5 52. Rb7+ Kg6 53. Rb8 h4 54. Rh8 h3 55. Rg8+ Kh7 56. Rg1 Ne6 57.
Be3 Rh5 58. Ke2 Ng5 59. Rh1 Kg6 60. Kf2 Kf5 61. Kg3 Ne4+ 62. Kh2 Kg4 63. Rf1 Re5 64.
Rf4+ Kh5 65. Bd4 Re6 66. Kxh3 Kg6 67. Kg2 f5 68. Rh4 Nd2 69. Rh8 Re2+ 70. Kg3 Nb3 71. Kf4 Nxd4 72. cxd4 Re4+ 73. Kf3 Rxd4 74. Rg8+ Kf7 75. Rg2 Rb4 76. Rc2 Ke6 77. Re2+ Kd5 78. Rd2+ Ke5 79. Re2+ Kf6 80. Rc2 Rb3+ 81. Kf4 Rb4+ 82.
Kf3 Kg5 83. Rg2+ Rg4 84. Rd2 b4 85. b3 Rf4+ 86. Kg3 Rh4 87. Rd5 Re4 88. Kf3 Kf6 89. Rb5 Ke6 0-1

[Event "Early-Titled-Tuesday-Blitz-January-16-2024"]
[Site "Chess.com"]
[Date "2024.01.16"]
[Round "7"]
[White "carloseduar100"]
[Black "MIss_MIaMI"]
[Result "1-0"]
[WhiteElo "2276"]
[BlackElo "2403"]
[TimeControl "180+1"]
[EndTime "9:24:27 PST"]
[Termination "carloseduar100 won by checkmate"]

1. d4 c5 2. d5 g6 3. Nf3 Bg7 4. e4 a6 5. c3 b5 6. Bg5 d6 7.
Nbd2 Nf6 8. Bd3 Bg4 9. h3 Bxf3 10.
Qxf3 Nbd7 11. O-O Ne5 12. Qe2 Nxd3 13. Qxd3 O-O 14. Rae1 Nd7 15. f4 Qb6 16. Bxe7 c4+ 17. Qe3 Qxe3+ 18. Rxe3 Rfe8 19. Bxd6 Nb6 20. e5 Nxd5 21.
Re2 Rad8 22. Ne4 f5 23. Ng3 Bh6 24. Ref2 Kf7 25. Ne2 Rd7 26. g3 Nc7 27. Rd1 Ne6 28. Kg2 Bf8 29. Nd4 Bxd6 30. Nxe6 Rxe6 31. Rfd2 Ke7 32. Kf3 a5 33. Rd5 b4 34. R1d4 bxc3 35. bxc3 h6 36. exd6+ Rexd6 37. Re5+ Kf6 38. Rxc4 Rd3+ 39.
Kf2 Rd2+ 40. Re2 R7d6 41. a4 R2d5 42. Rb2 g5 43. fxg5+ hxg5 44. Rb5 Rd2+ 45. Ke1 Rd1+ 46. Ke2 R6d2+ 47. Ke3 Rd3+ 48. Ke2 R1d2+ 49. Ke1 Rd5 50. Rc6+ Ke5 51. Rxd5+ Rxd5 52. Rb6 Ke4 53. h4 gxh4 54. gxh4 f4 55. Re6+ Kf3 56. Rg6 Rh5 57. Rg5 Rxh4 58. Rxa5 Rh1+ 59. Kd2 Rh2+ 60. Kd3 Kf2 61. Rf5 f3 62. a5 Rh1 63. c4 Rd1+ 64. Ke4 Re1+ 65. Kd5 Ra1 66. Kc6 Ke3 67. Kb6 Rb1+ 68. Kc6 f2 69. c5 Ra1 70. Kb6 Rb1+ 71. Ka7 Ra1 72.
a6 Ra2 73. c6 Ke4 74. Rf7 Kd5 75. c7 Kd6 76. c8=Q Rxa6+ 77. Kxa6 f1=Q+ 78. Rxf1 Ke7 79. Qc7+ Ke6 80. Re1+ Kd5 81. Qd7+ Kc4 82. Rc1+ Kb3 83. Qb5+ Ka2 84. Rc4 Ka3 85. Ra4# 1-0

[Event "Early-Titled-Tuesday-Blitz-January-16-2024"]
[Site "Chess.com"]
[Date "2024.01.16"]
[Round "7"]
[White "AlexPapasimakopoulos"]
[Black "Arystanner"]
[Result "1/2-1/2"]
[WhiteElo "2648"]
[BlackElo "2799"]
[TimeControl "180+1"]
[EndTime "9:24:33 PST"]
[Termination "Game drawn - insufficient material"]

1. d4 d5 2. c4 e6 3. Nc3 Nf6 4. cxd5 exd5 5. Bg5 c6 6. e3 Bd6 7. Bd3 O-O 8. Qc2 h6 9. Bh4 Re8 10. Nf3 Be6 11. O-O Nbd7 12. Rab1 a5 13. a3 Qb8 14. Bg3 Bxg3 15. hxg3 Qd6 16. Rfe1 Bg4 17. Na4 Ne4 18. Bxe4 Rxe4 19. Nd2 Re7 20. Nb3 Rae8 21. Nbc5 Nxc5 22. Qxc5 Qd8 23. Qb6 h5 24. Qxd8 Rxd8 25. Nb6 g5 26.
Rbc1 h4 27. gxh4 gxh4 28. f3 Bf5 29. Rc5 Rde8 30. Kf2 Kg7 31. Rxa5 Kf6 32. Ra8 Rxa8 33. Nxa8 b5 34. Rc1 Bd7 35. Nb6 Be8 36. a4 bxa4 37.
Nxa4 Rb7 38. Rc3 Kg5 39. b3 f6 40. Nc5 Ra7 41. Rc2 Bf7 42. b4 Ra1 43. Nb3 Rb1 44. Na5 Bg6 45. Ra2 Be8 46. Rc2 Bg6 47. Rxc6 Bd3 48. e4 f5 49. Ke3 dxe4 50. fxe4 Bxe4 51. Rc8 Rxb4 52. Nc4 Rb3+ 53. Kf2 Kf4 54. Rh8 Rc3 55. Ne5 Rc2+ 56. Kf1 Bxg2+ 57. Kg1 h3 58. Nd3+ Ke3 59. Ne1 Rc1 60. Re8+ Kd2 61. Kf2 Be4 62. Nf3+ Bxf3 63. Kxf3 h2 64. Re2+ Kd3 65. Rxh2 Kxd4 66. Rd2+ Ke5 67. Kf2 Ke4 68. Re2+ Kf4 69. Ra2 Rc4 70. Ra3 Rb4 71. Rf3+ Kg5 72. Ra3 Rf4+ 73. Kg3 Rg4+ 74. Kf3 Rh4 75. Kg3 f4+ 76. Kg2 Kg4 77. Rb3 Rh8 78.
Rb7 Rg8 79. Kf2 Rg5 80. Rf7 Rg6 81. Rf8 Re6 82. Rg8+ Kf5 83. Rf8+ Ke4 84. Rf7 Re5 85. Rf8 Re7 86. Rf6 Ke5 87. Rf8 Ke4 88. Rf6 Ra7 89.
Re6+ Kf5 90. Re8 Ra2+ 91. Kf3 Ra3+ 92. Kf2 Kg4 93. Rg8+ Kf5 94. Rf8+ Kg5 95. Rg8+ Kf6 96. Rf8+ Ke5 97. Re8+ Kd6 98. Re4 Kd5 99. Rxf4 Ke5 100. Rf3 Rxf3+ 101. Kxf3 1/2-1/2

[Event "Early-Titled-Tuesday-Blitz-January-16-2024"]
[Site "Chess.com"]
[Date "2024.01.16"]
[Round "7"]
[White "Arifarsky"]
[Black "ahkashefi2800"]
[Result "1-0"]
[WhiteElo "2724"]
[BlackElo "2556"]
[TimeControl "180+1"]
[EndTime "9:24:36 PST"]
[Termination "Arifarsky won on time"]

1. e4 c6 2. Nf3 d5 3. Nc3 dxe4 4. Nxe4 Nd7 5. d4 Ngf6 6. Bd3 Nxe4 7. Bxe4 Nf6 8. Bd3 Bg4 9. c3 Qd5 10. Be2 e6 11. h3 Bh5 12. Be3 Be7 13. O-O O-O 14.
Ne5 Bxe2 15. Qxe2 Qd8 16. a4 Nd7 17. Nd3 a6 18. a5 Bd6 19. Rfe1 Re8 20. Qc2 Qf6 21.
Qb3 Rab8 22. Qc4 h6 23. Bd2 Nf8 24. Re4 Ng6 25. Rae1 Qf5 26. b4 Qd5 27. Nb2 Qxc4 28. Nxc4 Bc7 29. g3 Red8 30. h4 Ne7 31. Bf4 Bxf4 32.
Rxf4 Nd5 33. Rf3 Ne7 34. Ne5 Nf5 35. h5 Rbc8 36. Nxf7 Kxf7 37. g4 Rd5 38. Re5 Rxe5 39. dxe5 Rc7 40. gxf5 exf5 41. Rd3 f4 42. Rd4 Ke6 43.
Rxf4 Kxe5 44. Rg4 Kf5 45. Rg6 Ke4 46. Rg3 c5 47. Kg2 Kd5 48. Kf3 Kc4 49. bxc5 Kxc3 50. Kf4+ Kb4 51. Kf5 Kxa5 52. Kg6 Kb5 53. f4 a5 54. f5 a4 55. Kh7 Kb4 56. Rxg7 Rxg7+ 57. Kxg7 a3 58. f6 a2 59. f7 a1=Q+ 60. Kg8 Qa2 61. Kg7 Qb2+ 62. Kg8 Qb3 63. Kg7 Qc3+ 64. Kg8 Qc4 65. Kg7 Qd4+ 66. Kg8 Qd5 67. Kg7 Qg5+ 68. Kh7 Qxc5 69. Kg7 Qg5+ 70. Kh8 Qf6+ 71. Kg8 Qe6 72. Kg7 Qe5+ 73. Kg8 Qg5+ 74. Kh8 Qxh5 75. f8=Q+ Ka4 76. Qa8+ Qa5 77. Qxb7 Qc3+ 78. Kh7 h5 79. Qe4+ Ka3 80. Kg6 h4 81. Qa8+ 1-0

[Event "Early-Titled-Tuesday-Blitz-January-16-2024"]
[Site "Chess.com"]
[Date "2024.01.16"]
[Round "7"]
[White "azikom"]
[Black "chito89"]
[Result "0-1"]
[WhiteElo "2688"]
[BlackElo "2935"]
[TimeControl "180+1"]
[EndTime "9:24:42 PST"]
[Termination "chito89 won on time"]

1. d4 d5 2. Nf3 c5 3. e3 Nc6 4. c3 e6 5. Nbd2 Nf6 6. Bd3 b6 7. O-O Bb7 8. Qe2 Qc7 9. a3 Bd6 10. e4 cxd4 11. cxd4 dxe4 12. Nxe4 Nxe4 13. Bxe4 Ne7 14.
Bg5 Bxe4 15. Qxe4 Nd5 16. Rac1 Qd7 17. Ne5 Bxe5 18. dxe5 O-O 19. Qg4 Kh8 20. h4 Rac8 21. h5 h6 22. Bd2 Rxc1 23. Rxc1 Rc8 24. Qe4 Rxc1+ 25. Bxc1 Qc6 26. Bd2 Kg8 27. g3 Kf8 28. Bb4+ Ke8 29. Bd2 Qb5 30. Bc1 Qb3 31. Qg4 Qc2 32.
Bf4 Kf8 33. b4 Qe4 34. Qh4 Kg8 35. Qd8+ Kh7 36. Qd7 Nxf4 37. gxf4 Qxf4 38. Qxa7 b5 39. Qc5 Qg4+ 40. Kf1 Qd1+ 41. Kg2 Qd3 42. f3 g6 43. hxg6+ Kxg6 44. Kg3 Qe2 45. Qc7 h5 46. Qb8 Kf5 47. Qf8 Qxe5+ 48. Kg2 Kg6 49. Qg8+ Qg7 50. Qe8 Kf5+ 51. Kf2 Qd4+ 52. Kg3 Qe5+ 53. Kf2 Qh2+ 54. Ke3 Qg1+ 55. Ke2 Kf6 56. Qh8+ Ke7 57. Qxh5 Qg2+ 58. Ke3 Qg1+ 59. Ke2 Qc1 60. Qxb5 Qb2+ 61. Ke3 Qxa3+ 62. Ke2 Qb2+ 63. Ke3 Qc3+ 64. Ke2 Kf6 65. Qb6 Ke5 66. b5 Qc4+ 67. Ke3 f5 68. Qb8+ Kd5 69. b6 f4+ 70.
Kf2 Qc2+ 71. Kf1 Qd1+ 72. Kg2 Qe2+ 73. Kg1 Qe1+ 74. Kg2 Qg3+ 75. Kf1 Qxf3+ 76. Kg1 Qe3+ 77. Kf1 f3 78. Qd8+ Kc6 79. Qc7+ Kb5 80. Qd7+ Ka6 81.
Qa7+ Kb5 82. Qd7+ Kc4 83. Qc6+ Kb4 84. Qd6+ Ka5 85. Qa3+ Qxa3 0-1

[Event "Early-Titled-Tuesday-Blitz-January-16-2024"]
[Site "Chess.com"]
[Date "2024.01.16"]
[Round "7"]
[White "igorkovalenko"]
[Black "CSB7"]
[Result "1/2-1/2"]
[WhiteElo "2985"]
[BlackElo "2703"]
[TimeControl "180+1"]
[EndTime "9:24:57 PST"]
[Termination "Game drawn by repetition"]

1. d4 Nf6 2. Nf3 e6 3. Bg5 h6 4. Bxf6 Qxf6 5. e4 d6 6. c3 Nd7 7. Na3 g6 8. Bd3 Bg7 9. O-O O-O 10. Qd2 Qe7 11. Rfe1 e5 12. h3 a6 13. Nc2 Nf6 14. a4 Nh5 15. Bf1 Nf4 16. Kh2 h5 17. g3 Ne6 18. Bg2 b6 19. b4 Rd8 20. Rad1 Bd7 21.
Ra1 Qe8 22. a5 b5 23. Ne3 exd4 24. cxd4 c5 25. Nc2 cxd4 26. Ncxd4 Rac8 27. Rad1 Nxd4 28. Nxd4 Rc4 29. Ne2 Bc6 30. Rc1 Qe5 31. Rxc4 bxc4 32. Rc1 Bxe4 33. Rxc4 Bxg2 34. Kxg2 d5 35. Rc5 Qe4+ 36.
f3 Qb1 37. Rxd5 Rxd5 38. Qxd5 Qxb4 39. Qa8+ Bf8 40. Qxa6 Bc5 41. h4 Kg7 42. Nf4 Qd2+ 43. Qe2 Qxa5 44. Nd3 Bd6 45. Qb2+ Kg8 46. Nf2 Bf8 47.
Ne4 Bg7 48. Qe2 Qa8 49. Ng5 Qf8 50. g4 hxg4 51. fxg4 Qa8+ 52. Nf3 Qf8 53. Qe4 Bf6 54.
h5 gxh5 55. gxh5 Qe7 56. Qf5 Qe6 57. Qf4 Kh8 58. Kg3 Kg8 59. Qb8+ Kh7 60. Qf4 Kg8 61. Kg2 Kh8 62. Nd2 Kg8 63. Ne4 Bg7 64. Ng5 Qe7 65.
Qb8+ Bf8 66. Qg3 Bg7 67. Qf4 Bh6 68. Qb8+ Kg7 69. Nf3 Qf6 70. Qg3+ Kf8 71. Qc7 Kg7 72. Qd7 Bf4 73. Qg4+ Kh8 74. Kh3 Bh6 75. Nh4 Qe6 76.
Nf5 Bf8 77. Qg5 Qb3+ 78. Kg4 Qe6 79. Qd8 Kg8 80. h6 Qe4+ 81. Kg5 Qg2+ 82. Kh4 Qh2+ 83. Kg4 Qe2+ 84. Kg3 Qe1+ 85. Kf3 Qf1+ 86. Kg4 Qg1+ 87. Ng3 Qh2 88. Qg5+ Kh8 89. Qf6+ Kg8 90. Qg5+ Kh8 91.
Qf6+ Kg8 92. Nf5 Qg2+ 93. Kh4 Qh2+ 94. Kg4 Qg2+ 95. Kf4 Qf2+ 96. Ke4 Qc2+ 97. Kf3 Qd1+ 98. Kg2 Qe2+ 99. Kh3 Qf3+ 100. Kh4 Qh1+ 101. Kg4 Qg2+ 1/2-1/2

[Event "Early-Titled-Tuesday-Blitz-January-16-2024"]
[Site "Chess.com"]
[Date "2024.01.16"]
[Round "8"]
[White "Adar_07"]
[Black "Balla_Tamas"]
[Result "1-0"]
[WhiteElo "2662"]
[BlackElo "2465"]
[TimeControl "180+1"]
[EndTime "9:27:10 PST"]
[Termination "Adar_07 won by resignation"]

1. Nf3 c5 2. c3 Nc6 3. d4 cxd4 4.
cxd4 d5 5. Nc3 Nf6 6. Bf4 Bf5 7. e3 e6 8. Qb3 b6 9. Bb5 Rc8 10. Qa4 Qd7 11. Ne5 Nxe5 12. dxe5 1-0

[Event "Early-Titled-Tuesday-Blitz-January-16-2024"]
[Site "Chess.com"]
[Date "2024.01.16"]
[Round "8"]
[White "tigurones"]
[Black "lilylg"]
[Result "1-0"]
[WhiteElo "2353"]
[BlackElo "2109"]
[TimeControl "180+1"]
[EndTime "9:27:12 PST"]
[Termination "tigurones won by resignation"]

1. d4 d5 2. Nf3 c6 3. c4 e6 4. Nc3 f5 5. Ne5 Nf6 6. e3 Bd6 7. f4 O-O 8. g3 Nbd7 9. Bg2 Qc7 10. O-O b6 11. Bd2 Bb7 12. Rc1 Ne4 13. cxd5 exd5 14. Bxe4 dxe4 15. Nb5 Qb8 16. Qb3+ Kh8 17. Nxd7 1-0

[Event "Early-Titled-Tuesday-Blitz-January-16-2024"]
[Site "Chess.com"]
[Date "2024.01.16"]
[Round "8"]
[White "cristiano78"]
[Black "Srisshhhtea"]
[Result "0-1"]
[WhiteElo "2229"]
[BlackElo "2448"]
[TimeControl "180+1"]
[EndTime "9:27:16 PST"]
[Termination "Srisshhhtea won by resignation"]

1. d4 Nf6 2. c4 g6 3. Nc3 Bg7 4.
e4 d6 5. Nf3 O-O 6. Be2 e5 7.
O-O Nbd7 8. Be3 Ng4 9. Bg5 f6 10.
Bh4 g5 11. Bg3 Nh6 12. d5 f5 13. exf5 Nxf5 14. Nd2 Nf6 15. Nde4 h6 16. Nxf6+ Bxf6 17. Ne4 Bg7 18. Bg4 Nd4 19. Qd3 Bxg4 0-1

[Event "Early-Titled-Tuesday-Blitz-January-16-2024"]
[Site "Chess.com"]
[Date "2024.01.16"]
[Round "8"]
[White "Journey_to_GrandMaster_YT"]
[Black "JCVanDamme10"]
[Result "1-0"]
[WhiteElo "2515"]
[BlackElo "2324"]
[TimeControl "180+1"]
[EndTime "9:27:21 PST"]
[Termination "Journey_to_GrandMaster_YT won by resignation"]

1. d4 d5 2. Nf3 c6 3. e3 Nf6 4.
Bd3 Bg4 5. h3 Bxf3 6. Qxf3 Nbd7 7.
b3 e5 8. dxe5 Nxe5 9. Qg3 Bb4+ 10. Bd2 Nxd3+ 11. cxd3 Bxd2+ 12. Nxd2 O-O 13. O-O Qa5 14.
Nf3 Rfe8 15. Rfd1 Rad8 16. Nd4 g6 17. Nf5 Qc7 18. Qxc7 1-0

[Event "Early-Titled-Tuesday-Blitz-January-16-2024"]
[Site "Chess.com"]
[Date "2024.01.16"]
[Round "8"]
[White "Masterisback04"]
[Black "Kostukov_Alex"]
[Result "0-1"]
[WhiteElo "1790"]
[BlackElo "2310"]
[TimeControl "180+1"]
[EndTime "9:27:29 PST"]
[Termination "Kostukov_Alex won by resignation"]

1. e4 c5 2. Nf3 g6 3. c4 Bg7 4. d4 cxd4 5. Nxd4 Nc6 6. Be3 Nf6 7. Nc3 O-O 8. Be2 Nxd4 9. Bxd4 Qa5 10. O-O d6 11.
Qd2 Nxe4 12. Qe3 Nxc3 13. bxc3 e5 0-1

[Event "Early-Titled-Tuesday-Blitz-January-16-2024"]
[Site "Chess.com"]
[Date "2024.01.16"]
[Round "8"]
[White "toninhojit"]
[Black "xakevicius91"]
[Result "0-1"]
[WhiteElo "2385"]
[BlackElo "2541"]
[TimeControl "180+1"]
[EndTime "9:27:57 PST"]
[Termination "xakevicius91 won by resignation"]

1. e4 c5 2. Nf3 a6 3. Nc3 Nc6 4. d4 cxd4 5. Nxd4 Qc7 6. Nxc6 dxc6 7. Bd3 e5 8. O-O Nf6 9. f4 Bd6 10. a4 b6 11. f5 h6 12. Be3 Rb8 13. Qf3 Nd7 14.
Rad1 Nc5 15. Qg3 Bf8 16. f6 g6 17. Bc4 Be6 18. Bxc5 Bxc5+ 19. Kh1 Bxc4 20. b4 Bxb4 0-1

[Event "Early-Titled-Tuesday-Blitz-January-16-2024"]
[Site "Chess.com"]
[Date "2024.01.16"]
[Round "8"]
[White "rikchessmx"]
[Black "Maestro-Fermin"]
[Result "0-1"]
[WhiteElo "2358"]
[BlackElo "2623"]
[TimeControl "180+1"]
[EndTime "9:28:11 PST"]
[Termination "Maestro-Fermin won by resignation"]

1. e4 c6 2. d4 d5 3. Nc3 dxe4 4.
Nxe4 Nf6 5. Ng5 Bf5 6. N5f3 e6 7. Bd3 Bg4 8. h3 Bh5 9. Qe2 Nbd7 10. c3 Qc7 11.
Bg5 Bd6 12. O-O-O O-O-O 13. g3 h6 14. Bd2 e5 15. dxe5 Nxe5 16. Nxe5 Bxe2 0-1

[Event "Early-Titled-Tuesday-Blitz-January-16-2024"]
[Site "Chess.com"]
[Date "2024.01.16"]
[Round "8"]
[White "Dinosaurio_1975"]
[Black "GodDMuhammad"]
[Result "1-0"]
[WhiteElo "2636"]
[BlackElo "2389"]
[TimeControl "180+1"]
[EndTime "9:28:43 PST"]
[Termination "Dinosaurio_1975 won by checkmate"]

1. e4 e5 2. Nf3 f5 3. Nxe5 Qf6 4. d4 d6 5. Nc4 fxe4 6. Nc3 Qg6 7. Nd5 Kd8 8. Be3 Nf6 9. Nf4 Qf7 10. Qd2 b5 11. Na5 a6 12. O-O-O d5 13. Nb3 c6 14.
Nc5 Bg4 15. f3 exf3 16. gxf3 Bxf3 17. Qa5+ Ke8 18. Nfe6 Bd6 19. Qd8# 1-0

[Event "Early-Titled-Tuesday-Blitz-January-16-2024"]
[Site "Chess.com"]
[Date "2024.01.16"]
[Round "8"]
[White "DAVIDHDZSTS"]
[Black "Ducke13"]
[Result "0-1"]
[WhiteElo "1994"]
[BlackElo "2331"]
[TimeControl "180+1"]
[EndTime "9:28:43 PST"]
[Termination "Ducke13 won by resignation"]

1. d4 Nf6 2. Nc3 d5 3. Bf4 g6 4. e3 Bg7 5. h4 h5 6. Nf3 O-O 7. Qd2 c5 8. dxc5 Qa5 9. Be5 Nbd7 10. Bd4 Nxc5 11. Bxc5 Qxc5 12. Bd3 Ne4 13. Nxe4 dxe4 14. Bxe4 Bxb2 15. Rb1 Bc3 0-1

[Event "Early-Titled-Tuesday-Blitz-January-16-2024"]
[Site "Chess.com"]
[Date "2024.01.16"]
[Round "8"]
[White "FormerProdigy"]
[Black "starworld123"]
[Result "1-0"]
[WhiteElo "3012"]
[BlackElo "2844"]
[TimeControl "180+1"]
[EndTime "9:28:51 PST"]
[Termination "FormerProdigy won by resignation"]

1. d4 Nf6 2. c4 e6 3. Nc3 Bb4 4. e3 O-O 5. Bd3 d5 6. cxd5 exd5 7. Ne2 c6 8. O-O Re8 9. f3 a5 10. a3 Bf8 11. e4 c5 12. Bg5 h6 13. Bxf6 Qxf6 14.
Nxd5 Qd8 15. Rc1 Nd7 16. Bb5 b6 17. Nef4 Rb8 18. Kh1 Bb7 19. Bxd7 Qxd7 20. dxc5 bxc5 21. Nf6+ 1-0

[Event "Early-Titled-Tuesday-Blitz-January-16-2024"]
[Site "Chess.com"]
[Date "2024.01.16"]
[Round "8"]
[White "Bauman_Guy"]
[Black "IM_ArthurDW08"]
[Result "1-0"]
[WhiteElo "2923"]
[BlackElo "2782"]
[TimeControl "180+1"]
[EndTime "9:29:02 PST"]
[Termination "Bauman_Guy won by resignation"]

1. e4 c5 2. Nf3 e6 3. d4 cxd4 4. Nxd4 a6 5. Bd3 Bc5 6. Nb3 Ba7 7. O-O Nc6 8. Qg4 g6 9. Qe2 Nf6 10. e5 Nd5 11. a3 Bb8 12. c4 Nde7 13. Bh6 Bxe5 14.
Nc3 Qc7 15. f4 Bxc3 16. bxc3 b6 17. Nd4 Bb7 18. Rab1 O-O-O 19. Bg7 Rhg8 20. Bf6 Rde8 21. Qf2 Nf5 22. Nxc6 dxc6 23. Be5 1-0

[Event "Early-Titled-Tuesday-Blitz-January-16-2024"]
[Site "Chess.com"]
[Date "2024.01.16"]
[Round "8"]
[White "slorovel"]
[Black "EsmeraldasAnderson03"]
[Result "1-0"]
[WhiteElo "2566"]
[BlackElo "2398"]
[TimeControl "180+1"]
[EndTime "9:29:02 PST"]
[Termination "slorovel won by resignation"]

1. e4 c5 2. Nf3 d6 3. d4 cxd4 4. Nxd4 Nf6 5. f3 a6 6. c4 e5 7.
Nb3 Be7 8. Nc3 O-O 9. Be3 Be6 10. Rc1 Nh5 11. g3 f5 12. exf5 Bxf5 13. g4 Bh4+ 14.
Kd2 Bg5 15. Qe1 Bh4 16. Qd1 Bg5 17. Qe1 Bh4 18. Qe2 1-0

[Event "Early-Titled-Tuesday-Blitz-January-16-2024"]
[Site "Chess.com"]
[Date "2024.01.16"]
[Round "8"]
[White "Oleksandr_Bortnyk"]
[Black "scarabee43"]
[Result "1-0"]
[WhiteElo "3092"]
[BlackElo "2813"]
[TimeControl "180+1"]
[EndTime "9:29:24 PST"]
[Termination "Oleksandr_Bortnyk won by checkmate"]

1. e4 c5 2. c3 d5 3. exd5 Qxd5 4. d4 Nf6 5. Be3 Ng4 6. Nf3 Nxe3 7. fxe3 Nc6 8.
Nbd2 e6 9. Bd3 Be7 10. O-O O-O 11. Qc2 h6 12. Rae1 Bd7 13. Nc4 cxd4 14. exd4 Rac8 15. Nfe5 b5 16. Bh7+ Kh8 17. Rxf7 Nxd4 18.
cxd4 Qxd4+ 19. Kh1 Rxc4 20. Rxf8+ Bxf8 21. Nf7# 1-0

[Event "Early-Titled-Tuesday-Blitz-January-16-2024"]
[Site "Chess.com"]
[Date "2024.01.16"]
[Round "8"]
[White "hawes33"]
[Black "Soledadense88"]
[Result "0-1"]
[WhiteElo "2267"]
[BlackElo "2398"]
[TimeControl "180+1"]
[EndTime "9:29:24 PST"]
[Termination "Soledadense88 won by resignation"]

1. e4 c6 2. d4 d5 3. Nc3 dxe4 4.
Nxe4 Nf6 5. Ng5 g6 6. N1f3 Bg7 7. Ne5 O-O 8. Bc4 Nd5 9. O-O f6 10. Nxh7 Kxh7 11. Nxg6 Kxg6 12. Bd3+ f5 13. Qg4+ Kh7 14. Qh5+ Kg8 15. Bh6 Qe8 16. Qg5 Qf7 17. c4 Nf6 18. f4 Ng4 19. Bxg7 Qxg7 20. Qxg7+ Kxg7 0-1

[Event "Early-Titled-Tuesday-Blitz-January-16-2024"]
[Site "Chess.com"]
[Date "2024.01.16"]
[Round "8"]
[White "01Roman"]
[Black "yaguigor"]
[Result "1-0"]
[WhiteElo "2468"]
[BlackElo "2624"]
[TimeControl "180+1"]
[EndTime "9:29:27 PST"]
[Termination "01Roman won by resignation"]

1. Nf3 d5 2. d4 Nf6 3. c4 c6 4.
Qc2 dxc4 5. e4 b5 6. b3 cxb3 7.
axb3 e6 8. Bd2 a5 9. Bd3 Bb7 10. O-O Be7 11. Rd1 h6 12. Nc3 Na6 13. d5 Nb4 14.
Qb1 exd5 15. e5 Nd7 16. e6 fxe6 17. Bg6+ Kf8 18. Nd4 Nc5 19. Ncxb5 cxb5 20. Rxa5 Qxa5 21. Nxe6+ Nxe6 22. Qf5+ Bf6 23. Qxe6 1-0

[Event "Early-Titled-Tuesday-Blitz-January-16-2024"]
[Site "Chess.com"]
[Date "2024.01.16"]
[Round "8"]
[White "ninguno46"]
[Black "KanalSzachowy"]
[Result "1-0"]
[WhiteElo "2544"]
[BlackElo "2350"]
[TimeControl "180+1"]
[EndTime "9:29:29 PST"]
[Termination "ninguno46 won by resignation"]

1. d4 Nf6 2. c4 e6 3. Nc3 Bb4 4. e3 O-O 5. Bd3 d5 6. a3 Bxc3+ 7.
bxc3 dxc4 8. Bxc4 c5 9. Ne2 Nc6 10. O-O cxd4 11. cxd4 Ne4 12. Bd3 Nd6 13. e4 e5 14. d5 Ne7 15. Bb2 Ng6 16. Kh1 f5 17. exf5 Bxf5 18. Ng3 Bd7 19. Bxg6 hxg6 20. Bxe5 Nf5 21.
Qd2 Bb5 22. Rfe1 Qh4 23. Rab1 Ba6 24. Rb4 Rad8 25. Rxh4 1-0

[Event "Early-Titled-Tuesday-Blitz-January-16-2024"]
[Site "Chess.com"]
[Date "2024.01.16"]
[Round "8"]
[White "Zakaryan_David"]
[Black "CFN_Good_Evening"]
[Result "1-0"]
[WhiteElo "2643"]
[BlackElo "1894"]
[TimeControl "180+1"]
[EndTime "9:29:29 PST"]
[Termination "Zakaryan_David won by resignation"]

1. e4 c5 2. Nf3 d6 3. d4 cxd4 4. Nxd4 Nf6 5. Nc3 a6 6. Rg1 e5 7. Nb3 Be6 8. g4 b5 9. g5 Nfd7 10. f4 f6 11. f5 Bf7 12. Be3 Nb6 13. gxf6 gxf6 14. Qf3 N8d7 15. O-O-O Qc7 16. Kb1 Rc8 17. Rg2 Nc4 18. Bc1 Ndb6 19. Nd5 Nxd5 20. exd5 a5 21. Qe4 Be7 22. c3 a4 23. Nd2 Nxd2+ 24. Bxd2 Qb7 25.
Bh6 Bxd5 26. Qxd5 1-0

[Event "Early-Titled-Tuesday-Blitz-January-16-2024"]
[Site "Chess.com"]
[Date "2024.01.16"]
[Round "8"]
[White "TregubovP"]
[Black "ural58"]
[Result "1-0"]
[WhiteElo "2675"]
[BlackElo "2488"]
[TimeControl "180+1"]
[EndTime "9:29:36 PST"]
[Termination "TregubovP won by resignation"]

1. e4 d5 2. exd5 Qxd5 3. Nc3 Qa5 4. d4 Nf6 5. Nf3 Nc6 6. Bb5 Ne4 7. O-O Nxc3 8. Bxc6+ bxc6 9. bxc3 Bf5 10. Ne5 e6 11.
Qf3 Qd5 12. Qg3 f6 13. Nd3 O-O-O 14. Rb1 Bd6 15. Bf4 g5 16. Bxd6 Qxd6 17. Qe3 h5 18.
Nc5 Bxc2 19. Qe2 Qxc5 20. dxc5 Bxb1 21. Qxe6+ 1-0

[Event "Early-Titled-Tuesday-Blitz-January-16-2024"]
[Site "Chess.com"]
[Date "2024.01.16"]
[Round "8"]
[White "UK_23"]
[Black "maximnovik"]
[Result "0-1"]
[WhiteElo "2362"]
[BlackElo "2518"]
[TimeControl "180+1"]
[EndTime "9:29:50 PST"]
[Termination "maximnovik won by checkmate"]

1. Nf3 Nf6 2. g3 g6 3. Bg2 d5 4. O-O Bg7 5. b3 O-O 6. Bb2 c5 7.
e3 Nc6 8. d4 Ne4 9. Nbd2 Bg4 10. h3 Nxd2 11. Qxd2 Bxf3 12. Bxf3 e6 13. Rad1 cxd4 14.
exd4 Rc8 15. c4 dxc4 16. bxc4 Na5 17. c5 Nc4 18. Qb4 Nxb2 19. Qxb2 Rxc5 20. Qxb7 Bxd4 21.
Qxa7 Qf6 22. Qd7 Rd8 23. Qa4 Rc3 24. Bg2 Rxg3 25. Rxd4 Rxg2+ 26. Kxg2 Rxd4 27. Qa8+ Kg7 28. a4 Qg5+ 29. Kh1 Qf5 30. Kg2 Rd3 31. f3 Qf4 32. a5 Rd2+ 33. Rf2 Qg5+ 34. Kf1 Rd1+ 35. Ke2 Qd2# 0-1